Map: Interloper LE

Players

Winthrowe

  • Race: Protoss Protoss
  • Spawn Location: 5:00

A.I. 1 (Hard) - Winner!

  • Race: Zerg Zerg
  • Spawn Location: 11:00

VOD

Have the link to the VOD?

Description

Time

  • Played on: Aug. 16, 2017, 7:02 p.m.
  • Length: 11:08
Show
View Real Time Build Order
Export as new Build Order

Winthrowe Protoss 

Build Orders:  

Get SALT Encoding   

  12  0:03  Probe (Chrono Boost)  
  13  0:23  Pylon, Probe (Chrono Boost)  
  14  0:41  Gateway  
  14  0:45  Gateway  
  14  0:57  Assimilator  
  14  1:03  Probe (Chrono Boost)  
  14  1:04  Assimilator  
  15  1:13  Probe (Chrono Boost)  
  16  1:24  Probe (Chrono Boost)  
  17  1:31  Zealot  
  19  1:34  Probe (Chrono Boost)  
  20  1:45  Probe (Chrono Boost)  
  21  1:56  Cybernetics Core  
  21  2:04  Probe (Chrono Boost)  
  22  2:14  Probe (Chrono Boost)  
  23  2:28  Pylon  
  23  2:36  Warp Gate  
  23  2:38  Pylon  
  23  2:46  Zealot x2, Probe (Chrono Boost)  
  23  2:50  Pylon  
  28  2:57  Probe (Chrono Boost)  
  29  3:07  Probe (Chrono Boost)  
  30  3:16  Nexus  
  30  3:30  Zealot x2  
  34  3:57  Zealot x2  
  38  4:24  Zealot  
  38  4:25  Zealot  
  38  4:27  Gateway  
  38  4:28  Gateway  
  38  4:30  Gateway  
  38  4:31  Pylon  
  42  4:36  Gateway  
  34  5:01  Mothership Core (Chrono Boost)  
  34  5:41  Forge  
  34  5:42  Forge  
  30  5:45  Forge  
  30  5:49  Zealot  
  30  5:50  Zealot  
  30  5:55  Zealot x2  
  30  5:56  Zealot x2  
  40  6:21  Protoss Ground Weapons Level 1  
  40  6:22  Protoss Ground Armor Level 1  
  40  6:24  Protoss Shields Level 1  
  40  6:36  Twilight Council  
  40  6:41  Probe x2 (Chrono Boost)  
  42  6:48  Stalker  
  42  6:51  Probe (Chrono Boost)  
  42  6:52  Probe (Chrono Boost)  
  46  7:02  Probe x2 (Chrono Boost)  
  48  7:12  Probe (Chrono Boost)  
  33  7:30  Zealot  
  33  7:31  Zealot x2  
  33  7:32  Zealot x3  
  45  7:46  Probe x2 (Chrono Boost)  
  47  7:53  Zealot x2  
  47  7:56  Probe (Chrono Boost)  
  47  7:57  Probe (Chrono Boost)  
  47  7:58  Zealot  
  55  8:07  Probe x2 (Chrono Boost)  
  55  8:16  Zealot  
  55  8:17  Probe (Chrono Boost)  
  55  8:18  Probe (Chrono Boost)  
  43  8:28  Probe x2 (Chrono Boost)  
  45  8:34  Stalker  
  45  8:35  Stalker x3  
  45  8:36  Stalker x2  
  57  9:03  Stalker x5  
  57  9:04  Stalker  
  49  9:29  Stalker  
  42  9:36  Stalker  
  42  9:37  Stalker x4  
  48  10:02  Zealot x5  
  48  10:03  Zealot  
  42  10:27  Zealot x4  
  42  10:28  Zealot x2  
Show
View Real Time Build Order
Export as new Build Order

A.I. 1 (Hard) Zerg - Winner!

Build Orders: Hatch First 

Get SALT Encoding   

  12  0:00  Drone  
  13  0:12  Overlord  
  13  0:16  Drone  
  14  0:31  Drone  
  14  0:32  Drone  
  14  0:34  Drone  
  17  0:55  Hatchery  
  16  0:57  Drone  
  17  1:10  Spawning Pool  
  16  1:14  Drone  
  16  1:17  Drone  
  18  1:21  Extractor  
  18  1:22  Drone  
  18  1:30  Overlord  
  18  1:38  Drone  
  19  1:57  Queen  
  19  2:00  Zergling x4  
  23  2:03  Roach Warren  
  23  2:07  Drone  
  23  2:08  Extractor  
  23  2:11  Drone  
  23  2:23  Drone  
  24  2:40  Overlord  
  24  2:44  Roach  
  26  2:45  Roach x3  
  32  2:55  Drone  
  33  2:58  Drone  
  33  3:02  Lair  
  34  3:19  Drone  
  35  3:22  Drone  
  36  3:28  Overlord  
  36  3:32  Drone  
  37  3:35  Drone  
  38  3:42  Evolution Chamber  
  38  3:43  Drone  
  38  3:49  Ravager, Evolution Chamber  
  38  3:52  Drone  
  39  4:03  Hydralisk Den  
  39  4:07  Extractor, Drone  
  38  4:11  Drone  
  38  4:14  Drone  
  40  4:19  Overlord  
  40  4:22  Drone  
  41  4:26  Drone  
  41  4:28  Drone  
  43  4:31  Drone  
  43  4:33  Hydralisk  
  43  4:34  Drone  
  43  4:37  Drone  
  48  4:40  Drone  
  48  4:42  Drone  
  50  4:47  Hydralisk, Drone  
  50  4:50  Drone  
  50  4:52  Overlord  
  50  4:59  Queen  
  52  5:00  Hydralisk  
  52  5:05  Drone  
  55  5:09  Drone  
  55  5:11  Drone  
  55  5:12  Drone  
  55  5:13  Drone  
  59  5:14  Zergling x2  
  59  5:18  Zerg Melee Weapons Level 1, Drone  
  61  5:22  Overlord  
  61  5:29  Drone  
  61  5:31  Drone  
  61  5:33  Zerg Ground Armor Level 1  
  63  5:40  Drone  
  63  5:41  Drone  
  64  5:44  Burrow  
  64  5:50  Drone  
  64  5:52  Drone  
  66  6:01  Drone  
  66  6:03  Drone  
  68  6:05  Overlord, Zergling x2  
  69  6:15  Overseer  
  69  6:17  Overseer  
  69  6:19  Extractor, Roach  
  69  6:22  Baneling Nest  
  69  6:23  Overlord  
  69  6:25  Spore Crawler, Drone  
  69  6:31  Spore Crawler  
  69  6:32  Drone  
  69  6:33  Roach  
  69  6:35  Spore Crawler  
  69  6:36  Drone  
  71  6:40  Spore Crawler  
  71  6:41  Drone  
  71  6:42  Drone  
  71  6:43  Overlord  
  71  6:45  Drone  
  71  6:46  Ravager x2  
  71  6:47  Hydralisk  
  77  6:55  Spine Crawler  
  77  6:56  Drone  
  77  6:59  Spine Crawler, Drone  
  77  7:01  Roach  
  79  7:07  Spine Crawler  
  78  7:08  Spine Crawler  
  78  7:09  Drone  
  78  7:10  Drone  
  78  7:11  Overlord  
  78  7:13  Zerg Missile Weapons Level 1  
  78  7:15  Roach  
  80  7:18  Queen  
  76  7:27  Queen  
  76  7:28  Zergling x2  
  79  7:38  Infestation Pit  
  79  7:39  Drone  
  79  7:42  Roach  
  81  7:45  Spire  
  80  7:53  Queen  
  80  7:55  Hydralisk  
  84  8:03  Roach  
  84  8:09  Roach  
  86  8:19  Queen  
  85  8:23  Roach  
  87  8:36  Hydralisk  
  89  8:49  Hydralisk  
  91  9:01  Pneumatized Carapace, Overlord, Zergling x2  
  91  9:02  Overseer, Overlord  
  92  9:05  Roach  
  92  9:08  Hydralisk  
  90  9:12  Hatchery, Corruptor  
  85  9:24  Infestor  
  85  9:35  Corruptor  
  87  9:46  Hive  
  87  9:47  Corruptor  
  89  9:58  Infestor  
  89  10:23  Hydralisk  
  89  10:24  Queen, Drone  
  89  10:26  Drone  
  89  10:27  Drone  
  94  10:29  Drone  
  94  10:30  Drone  
  94  10:32  Drone  
  94  10:33  Extractor, Drone  
  94  10:35  Drone  
  98  10:36  Drone  
  98  10:38  Drone  
  98  10:39  Spore Crawler  
  98  10:40  Drone  
  98  10:41  Spore Crawler  
  98  10:42  Drone  
  100  10:43  Extractor  
  100  10:46  Drone  
  102  11:06  Spine Crawler  
  102  11:08  Spine Crawler  
Tags
 
Matchup
PvZ
Spawn Locations
Cross Positions
Add a new tag
Caveats
  • Supply blocks, unpowered buildings, or Contaminate may cause inaccurate times.
  • Supply counts are checked every 10 seconds.